Map: Emerald City LE

Players

OpuS - Winner!

  • Race: Protoss Protoss
  • League: Platinum
  • Spawn Location: 11:00

Sketchaphone - Winner!

  • Race: Zerg Zerg
  • League: Platinum
  • Spawn Location: 11:00

lllllllllllI

  • Race: Zerg Zerg
  • League: Diamond
  • Spawn Location: 5:00

Helljumper

  • Race: Zerg Zerg
  • Spawn Location: 5:00

VOD

Have the link to the VOD?

Description

Time

  • Played on: Feb. 7, 2019, 8:08 p.m.
  • Length: 5:32
Show
View Real Time Build Order
Export as new Build Order

OpuS Protoss - Winner!

Build Orders:  

Get SALT Encoding   

  12  0:02  Probe  
  13  0:14  Probe  
  14  0:24  Pylon  
  14  0:28  Probe  
  15  0:42  Probe  
  16  0:51  Probe, Assimilator  
  16  0:52  Gateway  
  17  0:59  Probe  
  18  1:07  Probe  
  19  1:24  Gateway  
  19  1:27  Probe  
  20  1:39  Probe  
  21  1:43  Pylon  
  21  1:51  Cybernetics Core, Probe  
  22  2:02  Probe  
  22  2:05  Zealot  
  25  2:10  Probe  
  25  2:14  Gateway  
  26  2:17  Pylon  
  26  2:18  Probe  
  27  2:26  Zealot  
  27  2:27  Warp Gate  
  29  2:34  Pylon  
  29  2:43  Stargate  
  28  2:47  Assimilator  
  28  2:58  Adept  
  28  2:59  Adept  
  32  3:32  Nexus  
  32  3:33  Void Ray  
  40  3:50  Stalker  
  40  3:51  Stalker  
  40  3:54  Probe  
  41  3:59  Pylon  
  41  4:28  Void Ray  
  41  4:30  Probe  
  46  4:40  Twilight Council  
  46  4:42  Probe  
  46  4:44  Pylon  
  46  4:45  Probe  
  48  4:54  Probe  
  47  5:02  Zealot  
  47  5:03  Zealot x2  
  47  5:04  Probe  
Show
View Real Time Build Order
Export as new Build Order

Sketchaphone Zerg - Winner!

Build Orders: Hatch First 

Get SALT Encoding   

  12  0:01  Drone  
  13  0:12  Overlord  
  13  0:17  Drone  
  14  0:22  Extractor  
  14  0:24  Drone  
  15  0:30  Drone  
  15  0:34  Drone  
  17  1:02  Hatchery  
  16  1:09  Spawning Pool  
  15  1:12  Drone  
  15  1:17  Drone  
  17  1:22  Extractor  
  16  1:33  Drone  
  17  1:53  Drone  
  18  1:55  Overlord  
  18  1:56  Drone  
  18  1:57  Queen  
  21  2:11  Spine Crawler  
  21  2:14  Drone  
  21  2:15  Drone  
  23  2:23  Drone  
  23  2:26  Metabolic Boost  
  23  2:31  Zergling x2  
  23  2:32  Queen  
  23  2:34  Drone  
  27  2:40  Zergling x2  
  27  2:41  Drone  
  29  2:49  Roach Warren  
  28  2:53  Drone x2  
  30  2:59  Zergling x2  
  30  3:01  Overlord  
  30  3:31  Zergling x14  
  37  3:50  Hatchery  
  37  3:53  Overlord, Roach  
  37  3:54  Roach  
  37  3:55  Roach  
  42  4:02  Roach  
  44  4:08  Overlord  
  44  4:12  Roach x3  
  44  4:16  Roach  
  52  4:33  Overlord  
  52  4:35  Drone x3  
  52  4:37  Evolution Chamber  
  52  4:59  Roach  
  54  5:00  Roach x3  
  54  5:10  Roach x4  
  54  5:12  Zergling x4  
Show
View Real Time Build Order
Export as new Build Order

lllllllllllI Zerg 

Build Orders: Hatch First 

Get SALT Encoding   

  12  0:01  Drone  
  13  0:12  Drone  
  14  0:17  Overlord  
  14  0:36  Drone x3  
  17  0:54  Hatchery  
  16  0:59  Drone, Extractor  
  16  1:03  Drone  
  17  1:15  Drone  
  18  1:23  Spawning Pool  
  17  1:33  Drone x2  
  19  1:42  Drone  
  20  1:55  Drone  
  21  2:02  Overlord  
  21  2:07  Drone  
  22  2:10  Queen x2  
  26  2:16  Drone  
  27  2:23  Drone  
  27  2:29  Drone x2  
  30  2:35  Drone, Extractor  
  30  2:46  Queen, Drone  
  30  2:47  Drone  
  34  2:58  Drone x2  
  34  3:04  Overlord  
  38  3:34  Burrow  
  36  3:35  Evolution Chamber x2  
  36  3:39  Drone x2  
  36  3:40  Drone x6  
  42  3:43  Roach Warren  
  42  3:45  Queen  
  43  3:54  Drone  
  44  4:14  Extractor  
  44  4:15  Extractor  
  44  4:16  Overlord x3  
  44  4:17  Overlord  
  42  4:28  Queen  
  44  4:35  Drone  
  44  4:36  Drone x2  
  44  4:38  Drone x4  
  50  4:42  Drone  
Show
View Real Time Build Order
Export as new Build Order

Helljumper Zerg 

Build Orders: Hatch First 

Get SALT Encoding   

  12  0:01  Drone  
  13  0:08  Drone  
  14  0:35  Hatchery  
  13  0:43  Overlord  
  13  0:51  Drone  
  14  1:07  Spawning Pool  
  14  1:09  Drone  
  14  1:14  Drone  
  15  1:18  Drone  
  15  1:21  Drone  
  17  1:42  Extractor  
  16  1:48  Drone x3  
  19  1:54  Queen  
  19  1:55  Zergling x2  
  22  2:03  Queen  
  24  2:27  Drone  
  24  2:28  Drone x3  
  28  2:34  Roach Warren  
  27  2:45  Overlord  
  27  2:49  Overlord  
  27  2:52  Drone  
  27  2:56  Extractor  
  27  2:59  Lair  
  27  3:03  Queen  
  29  3:25  Roach x4  
  37  3:29  Drone x2  
  39  3:37  Overlord  
  39  3:43  Overlord  
  39  3:47  Overlord  
  39  3:55  Queen  
  41  3:58  Glial Reconstitution  
  41  4:06  Drone x5  
  46  4:26  Drone x3  
  46  4:30  Queen  
  51  4:45  Roach x4, Evolution Chamber  
  57  4:59  Roach  
  48  5:00  Roach x4  
Tags
 
Add a new tag
Caveats
  • Supply blocks, unpowered buildings, or Contaminate may cause inaccurate times.
  • Supply counts are checked every 10 seconds.